 Dungeon Crawl Stone Soup version 0.27.0-1-g7a089689b8 (webtiles) character file.

Game seed: 3160486395035286024

151 sasquatch the Slasher (level 5, 0/41 HPs)
             Began as a Formicid Abyssal Knight on Aug 10, 2021.
             Was a Follower of Lugonu.
             Slain by a centaur (5 damage)
             ... on level 3 of the Dungeon.
             The game lasted 00:03:33 (2983 turns).

sasquatch the Slasher (Formicid Abyssal Knight)     Turns: 2983, Time: 00:03:34

Health: 0/41       AC:  3    Str: 18    XL:     5   Next: 60%
Magic:  6/6        EV: 11    Int: 11    God:    Lugonu [*.....]
Gold:   140        SH:  0    Dex: 10    Spells: 4/4 levels left

rFire    . . .     SeeInvis +   c - +0 dagger (venom)
rCold    . . .     Faith    .   (no shield)
rNeg     . . .     Spirit   .   b - +0 leather armour
rPois    .         Reflect  .   (helmet unavailable)
rElec    .         Harm     .   (no cloak)
rCorr    .         Rampage  .   (no gloves)
Will     .....                  (no boots)
Stlth    +.........             (no amulet)
HPRegen  0.13/turn              (no ring)
MPRegen  0.10/turn              (no ring)

@: no status effects
A: permanent stasis, dig shafts and tunnels, antennae 3, four strong arms
a: Dig, Shaft Self, Renounce Religion, Depart the Abyss


You were on level 3 of the Dungeon.
You worshipped Lugonu.
Lugonu was aware of your devotion.
You visited 1 branch of the dungeon, and saw 3 of its levels.
You visited the Abyss 1 time.

You collected 140 gold pieces.

Inventory:

Hand Weapons
 a - a +1 falchion
 c - a +0 dagger of venom (weapon)
Armour
 b - a +0 leather armour (worn)
 p - a +0 chain mail
Scrolls
 g - 2 scrolls of blinking {unknown}
 i - a scroll of teleportation {unknown}
 j - a scroll of brand weapon {unknown}
 l - a scroll of identify {unknown}
 n - a scroll of magic mapping {unknown}
 o - a scroll of amnesia {unknown}
Potions
 d - a potion of brilliance {unknown}
 e - 3 potions of haste {unknown}
 f - a potion of lignification {unknown}
 h - a potion of heal wounds {unknown}
 k - a potion of might {unknown}
 m - a potion of flight {unknown}


   Skills:
 - Level 3.2 Fighting
 + Level 5.4 Long Blades
 - Level 2.1 Armour
 - Level 0.8 Dodging
 - Level 2.1 Invocations


You had 4 spell levels left.
You didn't know any spells.
Your spell library contained the following spells:

 Spells                   Type           Power      Damage    Failure   Level
 Lesser Beckoning         Tloc           0%         N/A       77%         3
 Manifold Assault         Tloc           0%         N/A       100%        5
 Blink                    Tloc           Unusable   N/A       N/A         2

Dungeon Overview and Level Annotations

Branches:
Dungeon (3/15)

Altars:


Innate Abilities, Weirdness & Mutations

You cannot be hasted, slowed, berserked, paralysed or teleported.
You can dig through walls and to a lower floor.
You have a pair of large antennae on your head. (SInv)
Your four strong arms can wield two-handed weapons with a shield.


Message History

There is a stone staircase leading up here.
Found 16 stones.
A centaur comes into view.
The centaur shouts!
The centaur wields a +0 shortbow.
The centaur shoots an arrow.
The arrow hits you!
A bat comes into view.
The centaur shoots an arrow.
The arrow hits you.
The centaur shoots an arrow.
The arrow hits you!
You are too injured to fight recklessly!
You are too injured to fight recklessly!
Unknown command.
The bat hits you but does no damage.
The centaur unwields a +0 shortbow.
The centaur hits you. The centaur kicks you.
* * * LOW HITPOINT WARNING * * *
Unknown command.
You hit the centaur but do no damage.
The centaur is poisoned.
The bat hits you but does no damage. The centaur barely misses you. x2
Unknown command.
You hit the centaur.
The centaur is lightly wounded.
The bat closely misses you. The centaur barely misses you.
The centaur kicks you but does no damage.
The centaur hits you.
* * * LOW HITPOINT WARNING * * *
The centaur barely misses you.
You barely miss the centaur.
The centaur is moderately wounded.
The bat closely misses you. The centaur completely misses you.
The centaur kicks you.
* * * LOW HITPOINT WARNING * * *
Unknown command.
You completely miss the centaur.
The centaur is moderately wounded.
The bat hits you but does no damage. The centaur closely misses you.
The centaur misses you. The bat barely misses you.
You hit the centaur.
The centaur looks as sick as possible!
The centaur is moderately wounded.
The bat barely misses you. The centaur hits you.
You die...

..
##..##########.###
......<...<......#
..(...#.########.#
##.......@c......
....#.#...b......
##. #.###.######.
# # ###


You could see a centaur (extremely poisoned) and a bat.

Vanquished Creatures
  Natasha (thrice) (D:2)
  Terence (D:2)
  An orc (D:2)
  A ball python (D:2)
  8 endoplasms
  A giant cockroach (D:2)
  7 goblins
  3 hobgoblins
  4 jackals (D:1)
  4 kobolds
  2 quokkas
  5 bats
  2 frilled lizards (D:2)
  8 rats
50 creatures vanquished.

Notes
Turn   | Place    | Note
-------+----------+-------------------------------------------
     0 | Abyss:1  | sasquatch the Formicid Abyssal Knight began the quest for
                  | the Orb.
     0 | Abyss:1  | Reached XP level 1. HP: 18/18 MP: 2/2
    50 | Abyss:1  | Noticed a small abomination
    66 | D:1      | Escaped the Abyss
   204 | D:1      | Reached XP level 2. HP: 16/24 MP: 3/3
   436 | D:1      | Reached * piety under Lugonu
   511 | D:1      | Reached skill level 3 in Long Blades
   821 | D:1      | Reached XP level 3. HP: 23/29 MP: 4/4
  1776 | D:2      | Noticed Natasha
  1818 | D:2      | Killed Natasha
  1819 | D:2      | Reached skill level 4 in Long Blades
  1819 | D:2      | Reached XP level 4. HP: 9/35 MP: 5/5
  2263 | D:2      | Noticed Natasha
  2271 | D:2      | Killed Natasha
  2272 | D:2      | Reached XP level 5. HP: 30/41 MP: 6/6
  2340 | D:2      | Noticed Natasha
  2352 | D:2      | Killed Natasha
  2353 | D:2      | Reached skill level 5 in Long Blades
  2472 | D:2      | Found a faded altar of an unknown god.
  2726 | D:2      | Noticed Terence
  2741 | D:2      | Killed Terence
  2976 | D:3      | Noticed a centaur
  2983 | D:3      | Slain by a centaur

Illustrated notes

Levels and vault maps discovered:
D:1:      mrwooster_arrival_statue, layout_rooms
D:2:      layout_basic, hellmonk_ecumenical_altar_crossroads, uniq_terence,
          uniq_natasha
D:3:      layout_basic, amcnicky_mini_pool_small

Skill      XL: |  1  2  3  4  5 |
---------------+----------------+-----
Long Blades    | 3 4 5 |  5.4
Fighting       | |  3.2
Armour         | |  2.1
Dodging        | |  0.8
Invocations    | |  2.1

Action                   |  1- 3 |  4- 6 || total
-------------------------+-------+-------++-------
Melee: Falchion          |    14 |       ||    14
       Dagger            |   119 |    50 ||   169
Invok: Depart the Abyss  |     1 |       ||     1
 Abil: Dig               |    10 |       ||    10
Armor: Leather armour    |    41 |    10 ||    51
Dodge: Dodged            |    62 |    26 ||    88
